 Dungeon Crawl Stone Soup version 0.20.1-1-g8b1a95d (webtiles) character file.

537 Schiappus the Chopper (level 7, -3/67 HPs)
             Began as a Troll Berserker on Nov 16, 2017.
             Was a Priest of Trog.
             Slain by an ogre
             ... wielding a +0 giant club
              (11 damage)
             ... on level 4 of the Dungeon.
             The game lasted 00:13:32 (2981 turns).

Schiappus the Chopper (Troll Berserker)             Turns: 2981, Time: 00:13:33

Health: -3/67      AC:  6    Str: 27    XL:     7   Next: 5%
Magic:  6/6        EV:  7    Int:  4    God:    Trog [***...]
Gold:   220        SH: 14    Dex: 11    Spells: 6/6 levels left

rFire    . . .     SeeInvis .   m - +0 war axe
rCold    . . .     Gourm    +   k - +0 large shield
rNeg     . . .     Faith    .   b - +0 animal skin
rPois    .         Spirit   .   (helmet restricted)
rElec    .         Reflect  .   r - +0 cloak
rCorr    .         Harm     .   (gloves unavailable)
MR       .....     Rnd*Tele +   (boots unavailable)
Stlth    +.........             (no amulet)
Regen    0.7/turn               i - +2 ring of dexterity
MPRegen  0.1/turn               o - ring of teleportation (curse)

@: no status effects
A: unfitting armour, claws 3, fast metabolism 3, gourmand, regeneration 1,
shaggy fur 1, tough skin 2
a: Berserk, Trog's Hand, Burn Spellbooks, Renounce Religion


You were on level 4 of the Dungeon.
You worshipped Trog.
Trog was most pleased with you.
You were completely stuffed.

You visited 1 branch of the dungeon, and saw 4 of its levels.

You collected 220 gold pieces.

Inventory:

Hand Weapons
 a - a +1 hand axe
 j - a +4 quarterstaff of chaos
 m - a +0 war axe (weapon)
Armour
 b - a +0 animal skin (worn)
 k - a +0 large shield (worn)
 r - a +0 cloak (worn)
Jewellery
 i - a +2 ring of dexterity (left claw)
 o - a cursed ring of teleportation (right claw)
 p - an uncursed ring of protection from cold {unknown}
Wands
 f - a wand of polymorph (8/24)
Scrolls
 h - 3 scrolls of enchant weapon
 l - 2 scrolls of identify
 n - a scroll of magic mapping
Potions
 e - 2 potions of curing
 s - a potion of resistance {unknown}
Comestibles
 c - 3 bread rations
 d - 3 royal jellies
 g - a fruit
 q - 9 chunks of flesh


   Skills:
 + Level 3.5 Fighting
 + Level 4.4 Axes
 + Level 3.9 Dodging
 + Level 0.5 Stealth
 + Level 2.0 Shields
 + Level 0.2 Unarmed Combat


You had 6 spell levels left.
You didn't know any spells.

Dungeon Overview and Level Annotations

Branches:
Dungeon (4/15)
 Temple: D:4-7

Altars:
Trog


Innate Abilities, Weirdness & Mutations

You are too large for most types of armour.
You have claws for hands.
Your metabolism is lightning-fast.
You like to eat raw meat.
Your natural rate of healing is unusually fast.
You are covered in fur. (AC +1)
You have very tough skin. (AC +2)


Message History

Some of the chunks of flesh in your inventory have rotted away.
s - a fizzy puce potion You open the door.
An ogre comes into view. It is wielding a giant club.
There is an open door here.
The helpless ogre fails to defend itself.
You slash the ogre!
The ogre is moderately wounded.
The ogre hits you with a giant club!!
You hit the ogre but do no damage.
The ogre is moderately wounded.
The ogre hits you with a giant club. The ogre hits you with a giant club!!
You slash the ogre!
The ogre is heavily wounded.
The ogre hits you with a giant club!
* * * LOW HITPOINT WARNING * * *
You hit the ogre.
The ogre is severely wounded.
The ogre hits you with a giant club!
You die...

#########
........#
......O@#
........+
.....##'##
....##...##
#####.....##
###
##.8...8.##
#..
##.#.....#.##
#..
#...8...8...#
#..
+...........+
#..


You could see an ogre.

Vanquished Creatures
  Eustachio (D:4)
  A howler monkey (D:4)
  2 orc priests (D:3)
  Crazy Yiuf (D:3)
  An iguana (D:3)
  A worker ant (D:3)
  5 gnolls
  5 adders
  An ooze (D:1)
  4 worms
  A dart slug (D:4)
  2 leopard geckos
  10 orcs
  2 ball pythons (D:3)
  4 giant cockroaches
  15 goblins
  12 hobgoblins
  7 kobolds
  3 quokkas
  5 bats
  5 frilled lizards
  7 rats
95 creatures vanquished.

Notes
Turn   | Place    | Note
-------+----------+-------------------------------------------
     0 | D:1      | Schiappus the Troll Berserker began the quest for the Orb.
     0 | D:1      | Reached XP level 1. HP: 22/22 MP: 0/0
   160 | D:1      | Reached XP level 2. HP: 27/29 MP: 1/1
   441 | D:1      | Reached XP level 3. HP: 36/36 MP: 2/2
   929 | D:2      | Reached skill level 3 in Axes
   952 | D:2      | Found a faded altar of an unknown god.
  1056 | D:2      | Reached ** piety under Trog
  1116 | D:2      | Reached XP level 4. HP: 44/44 MP: 3/3
  1329 | D:2      | Found a bloodstained altar of Trog.
  1683 | D:3      | Reached XP level 5. HP: 42/53 MP: 4/4
  1869 | D:3      | Reached skill level 1 in Shields
  2069 | D:3      | Reached *** piety under Trog
  2112 | D:3      | Reached skill level 4 in Axes
  2112 | D:3      | Reached XP level 6. HP: 25/61 MP: 5/5
  2248 | D:3      | Found a runed door.
  2602 | D:3      | Noticed Crazy Yiuf
  2618 | D:3      | Killed Crazy Yiuf
  2782 | D:4      | Noticed Eustachio
  2797 | D:4      | Killed Eustachio
  2822 | D:4      | Reached XP level 7. HP: 47/67 MP: 6/6
  2981 | D:4      | Slain by an ogre

Skill      XL: |  1  2  3  4  5  6 |
---------------+-------------------+-----
Dodging        | 3 |  3.9
Axes           | 3 4 |  4.4
Fighting       | 3 |  3.5
Shields        | 1 2 |  2.0
Stealth        | |  0.5
Unarmed Combat | |  0.2

Action                   |  1- 3 |  4- 6 |  7- 9 || total
-------------------------+-------+-------+-------++-------
Melee: Hand axe          |   113 |   120 |       ||   233
       War axe           |       |    69 |    23 ||    92
       Unarmed           |       |    12 |       ||    12
Invok: Berserk           |       |     3 |       ||     3
  Use: Scroll            |     3 |     6 |       ||     9
       Potion            |     1 |     2 |       ||     3
 Stab: Distracted        |       |     1 |       ||     1
       Sleeping          |       |       |     1 ||     1
  Eat: Chunk             |    16 |    18 |     3 ||    37
Armor: Animal skin       |    52 |    53 |     4 ||   109
Dodge: Dodged            |    64 |    91 |     7 ||   162
Block: Large shield      |       |   109 |    18 ||   127
